 Dungeon Crawl Stone Soup version 0.20-a0-556-g892c87b (webtiles) character file.

138 GlassEater the Slinger (level 5, -5/35 HPs)
             Began as a Halfling Hunter on Feb 7, 2017.
             Was a Follower of Fedhas.
             Slain by a black bear (7 damage)
             ... on level 3 of the Dungeon.
             The game lasted 00:13:03 (2304 turns).

GlassEater the Slinger (Halfling Hunter)            Turns: 2304, Time: 00:13:05

Health: -5/35      AC:  3    Str: 13    XL:     5   Next: 45%
Magic:  5/5        EV: 14    Int:  9    God:    Fedhas [*.....]
Gold:   129        SH:  0    Dex: 16    Spells: 4/4 levels left

rFire    . . .     SeeInvis .   b - +1 short sword (venom)
rCold    . . .     Gourm    .   c - +0 leather armour
rNeg     . . .     Faith    .   (shield restricted)
rPois    .         Spirit   .   (no helmet)
rElec    .         Reflect  .   (no cloak)
rCorr    .         Harm     .   (no gloves)
MR       .....                  (no boots)
Stlth    ++........             (no amulet)
Regen    0.2/turn               (no ring)
                                (no ring)

@: no status effects
A: mutation resistance 1
a: Fungal Bloom, Evolution, Renounce Religion


You were on level 3 of the Dungeon.
You worshipped Fedhas.
Fedhas was aware of your devotion.
You were not hungry.

You visited 1 branch of the dungeon, and saw 3 of its levels.

You collected 129 gold pieces.

Inventory:

Hand Weapons
 a - a +1 hunting sling
 b - a +1 short sword of venom (weapon)
Missiles
 d - 18 sling bullets
 k - 190 stones (quivered)
Armour
 c - a +0 leather armour (worn)
Jewellery
 s - an uncursed ring of positive energy {unknown}
Scrolls
 h - a scroll of teleportation {unknown}
 i - a scroll of recharging {unknown}
 j - a scroll of magic mapping {unknown}
 l - 2 scrolls of identify
 m - 3 scrolls of remove curse {unknown}
 n - 2 scrolls of immolation {unknown}
 o - a scroll of enchant armour {unknown}
Potions
 e - a potion of haste
 q - a potion of curing {unknown}
Comestibles
 f - 6 bread rations
 g - 2 meat rations
 p - 3 chunks of flesh
 r - a fruit


   Skills:
 + Level 2.4 Fighting
 + Level 1.4 Short Blades
 + Level 8.0 Slings
 + Level 1.0 Armour
 + Level 2.2 Dodging
 + Level 1.6 Stealth


You had 4 spell levels left.
You didn't know any spells.

Dungeon Overview and Level Annotations

Branches:
Dungeon (3/15)

Altars:
Fedhas
Nemelex Xobeh
Zin


Innate Abilities, Weirdness & Mutations

You are small and have problems with some larger weapons.
You are somewhat resistant to further mutation.


Message History

You hit the black bear but do no damage.
The black bear looks as sick as possible!
The black bear is lightly wounded.
The black bear barely misses you. The black bear claws you.
The black bear misses you.
You hit the black bear.
The black bear looks as sick as possible!
The black bear is moderately wounded.
The black bear barely misses you. The black bear claws you.
The black bear barely misses you.
The black bear goes berserk!
The black bear rages.
You hit the black bear.
The black bear is almost dead.
The black bear bites you! The black bear barely misses you.
The black bear claws you. The black bear bites you!
* * * LOW HITPOINT WARNING * * *
The black bear claws you!
You die...
Fedhas appreciates your contribution to the ecosystem.

#.....(....# #≈...
##........## #....
##.(...((.### #####
#.......($..# ##
#....((.....#############.
#...........##.........##.
#...........##............
#........h..##............
##.......@..##.........###
##.........##.........#
###.......######....####
#........####..##..#..
#.............####....
####.#.##..#### ##...
#.#.##...## #...
#.#.#.....## ##..
#.#........# #..


You could see a black bear (berserk).

Vanquished Creatures
  4 gnolls (D:2)
  3 adders (D:3)
  4 dart slugs
  2 leopard geckos
  An orc (D:3)
  A ball python (D:3)
  6 giant cockroaches
  8 hobgoblins
  4 jackals (D:1)
  5 kobolds
  3 quokkas
  3 bats (D:1)
  3 frilled lizards
  6 goblins
  3 rats (D:1)
56 creatures vanquished.

Notes
Turn   | Place    | Note
-------+----------+-------------------------------------------
     0 | D:1      | GlassEater the Halfling Hunter began the quest for the Orb.
     0 | D:1      | Reached XP level 1. HP: 14/14 MP: 1/1
    88 | D:1      | Reached skill level 6 in Slings
   114 | D:1      | Reached XP level 2. HP: 19/19 MP: 2/2
   451 | D:1      | Reached XP level 3. HP: 24/24 MP: 3/3
   606 | D:1      | Reached skill level 1 in Short Blades
   871 | D:2      | Reached skill level 7 in Slings
   903 | D:2      | Found a sparkling altar of Nemelex Xobeh.
   966 | D:2      | Found a glowing silver altar of Zin.
  1279 | D:2      | Reached XP level 4. HP: 29/29 MP: 4/4
  1724 | D:3      | Reached XP level 5. HP: 34/34 MP: 5/5
  2077 | D:3      | Found a faded altar of an unknown god.
  2108 | D:3      | Became a worshipper of Fedhas Madash
  2108 | D:3      | Reached * piety under Fedhas
  2200 | D:3      | Reached skill level 1 in Armour
  2211 | D:3      | Reached skill level 8 in Slings
  2286 | D:3      | Noticed a black bear
  2304 | D:3      | Slain by a black bear

Vault maps used:
D:1:      dpeg_arrival_simpleton_b
D:2:      lemuel_crystal_altar, nicolae_overflow_hidden_temple
D:3:      chequers_ecumenical_altar_island, first_bread

Skill      XL: |  1  2  3  4  5 |
---------------+----------------+-----
Slings         | 6 7 8 |  8.0
Fighting       | 2 |  2.4
Short Blades   | 1 |  1.4
Armour         | 1 |  1.0
Dodging        | |  2.2
Stealth        | |  1.6

Action                   |  1- 3 |  4- 6 || total
-------------------------+-------+-------++-------
Melee: Short sword       |    32 |    26 ||    58
 Fire: Hunting sling     |    67 |    42 ||   109
Throw: Stone             |       |    19 ||    19
  Use: Scroll            |     2 |       ||     2
  Eat: Chunk             |       |     4 ||     4
Armor: Leather armour    |     6 |     7 ||    13
Dodge: Dodged            |    31 |    17 ||    48
